PIO (24 & UNDER)
JASPER COUGARS @ SALEM SLEDGEHAMMERS
09/20/2024
 
TOP OF THE 1ST
Jasper Cougars batting - Pitching for Salem Sledgehammers : RHP Carlos Morán
Pitching: RHP Carlos Morán
Batting: LHB Armando Torres 0-0: Called Strike
0-1: Swinging Strike
0-2: Ball
1-2: Foul Ball, location: 2F
1-2: Foul Ball, location: 2F
1-2: Strikes out looking
Batting: LHB António Camacho 0-0: Ball
1-0: Called Strike
1-1: Ball
2-1: Ball
3-1: Swinging Strike
3-2: Base on Balls
Batting: SHB Ron Edwards 0-0: Swinging Strike
0-1: Ball
1-1: Ball
2-1: Ground out 1-3 (Groundball, 34S)
António Camacho to second
Batting: RHB Fernando Gálvez 0-0: Called Strike
0-1: Swinging Strike
0-2: Ball
1-2: Foul Ball, location: 2F
1-2: Strikes out looking
Top of the 1st over - 0 run(s), 0 hit(s), 0 error(s), 1 left on base; Jasper 0 - Salem 0
BOTTOM OF THE 1ST
Salem Sledgehammers batting - Pitching for Jasper Cougars : RHP António Peńa
Pitching: RHP António Peńa
Batting: LHB José Sánchez 0-0: Bunt missed!
0-1: Swinging Strike
0-2: Strikes out swinging
Batting: RHB Patrick Daniels 0-0: Foul Ball, location: 2F
0-1: Ball
1-1: Ball
2-1: Ball
3-1: Base on Balls
Batting: RHB Glenn Broadwater 0-0: Fly out, F8 (Flyball, 8RM)
Batting: LHB Juan Aguilar 0-0: Called Strike
0-1: Fielders Choice at 2nd, U4 (Groundball, 4M)
Bottom of the 1st over - 0 run(s), 0 hit(s), 0 error(s), 1 left on base; Jasper 0 - Salem 0
TOP OF THE 2ND
Jasper Cougars batting - Pitching for Salem Sledgehammers : RHP Carlos Morán
Batting: RHB Bob Cole 0-0: Called Strike
0-1: Ball
1-1: Foul Ball, location: 2F
1-2: Strikes out swinging
Batting: LHB Kyle Harrison 0-0: Ball
1-0: Called Strike
1-1: Called Strike
1-2: Strikes out looking
Batting: LHB John Stone 0-0: Fly out, F8 (Flyball, 8LM)
Top of the 2nd over - 0 run(s), 0 hit(s), 0 error(s), 0 left on base; Jasper 0 - Salem 0
BOTTOM OF THE 2ND
Salem Sledgehammers batting - Pitching for Jasper Cougars : RHP António Peńa
Batting: RHB Dale Reeves 0-0: Called Strike
0-1: Called Strike
0-2: Strikes out looking
Batting: RHB Finn Buys 0-0: Ball
1-0: Ball
2-0: Foul Ball, location: 2F
2-1: Called Strike
2-2: Foul Ball, location: 2F
2-2: Strikes out swinging
Batting: RHB Robert Stevens 0-0: Fly out, F7 (Flyball, 78M)
Bottom of the 2nd over - 0 run(s), 0 hit(s), 0 error(s), 0 left on base; Jasper 0 - Salem 0
TOP OF THE 3RD
Jasper Cougars batting - Pitching for Salem Sledgehammers : RHP Carlos Morán
Batting: SHB Martín Cruz 0-0: Ball
1-0: Ball
2-0: Ball
3-0: Called Strike
3-1: DOUBLE (Flyball, 8RM)
Batting: RHB Joe Baker 0-0: Ball
1-0: Ball
2-0: Called Strike
2-1: Swinging Strike
2-2: Strikes out looking
Batting: LHB Armando Torres 0-0: Ball
1-0: Ball
2-0: Fly out, F7 (Popup, 6MD)
Batting: LHB António Camacho 0-0: Swinging Strike
0-1: Foul Ball, location: 2F
0-2: Ball
1-2: Strikes out swinging
Top of the 3rd over - 0 run(s), 1 hit(s), 0 error(s), 1 left on base; Jasper 0 - Salem 0
BOTTOM OF THE 3RD
Salem Sledgehammers batting - Pitching for Jasper Cougars : RHP António Peńa
Batting: RHB Sergio Mata 0-0: Ball
1-0: DOUBLE (Line Drive, 7LS)
Batting: LHB Caleb Hall 0-0: Foul Ball, location: 2F
0-1: Foul Ball, location: 2F
0-2: Foul Ball, location: 2F
0-2: Foul Ball, location: 2F
0-2: Foul Ball, location: 2F
0-2: Foul Ball, location: 2F
0-2: Ball
1-2: Strikes out looking
Batting: LHB José Sánchez 0-0: Ball
1-0: Swinging Strike
1-1: Foul Ball, location: 2F
1-2: Ball
2-2: Hit by Pitch
Batting: RHB Patrick Daniels 0-0: Called Strike
0-1: Foul Ball, location: 2F
0-2: Strikes out swinging
Batting: RHB Glenn Broadwater 0-0: Ball
1-0: Foul Ball, location: 2F
1-1: Foul Ball, location: 2F
1-2: Foul Ball, location: 2F
1-2: Ball
2-2: SINGLE (Flyball, 8RS)
Sergio Mata to third
José Sánchez to second
Runner from 3rd tries for Home, SAFE, no throw or cutoff
Batting: LHB Juan Aguilar 0-0: Ball
1-0: Called Strike
1-1: Ball
2-1: Ball
3-1: Base on Balls
José Sánchez to third
Glenn Broadwater to second
Batting: RHB Dale Reeves 0-0: Swinging Strike
0-1: Fly out, F8 (Flyball, 8LXD)
Bottom of the 3rd over - 1 run(s), 2 hit(s), 0 error(s), 3 left on base; Jasper 0 - Salem 1
TOP OF THE 4TH
Jasper Cougars batting - Pitching for Salem Sledgehammers : RHP Carlos Morán
Batting: SHB Ron Edwards 0-0: Ball
1-0: Called Strike
1-1: Ball
2-1: Swinging Strike
2-2: DOUBLE (Line Drive, 7LD)
Batting: RHB Fernando Gálvez 0-0: Ball
1-0: Foul Ball, location: 2F
1-1: Ball
2-1: Called Strike
2-2: Foul Ball, location: 2F
2-2: Strikes out swinging
Batting: RHB Bob Cole 0-0: Ball
1-0: Ball
2-0: Ball
3-0: Foul Ball, location: 2F
3-1: SINGLE (Groundball, 56D) (infield hit)
Ron Edwards to third
Batting: LHB Kyle Harrison 0-0: Ball
1-0: Called Strike
1-1: Ball
2-1: Swinging Strike
2-2: Strikes out looking
Batting: LHB John Stone 0-0: Ball
1-0: Called Strike
1-1: Fly out, F7 (Flyball, 7D)
Top of the 4th over - 0 run(s), 2 hit(s), 0 error(s), 2 left on base; Jasper 0 - Salem 1
BOTTOM OF THE 4TH
Salem Sledgehammers batting - Pitching for Jasper Cougars : RHP António Peńa
Batting: RHB Finn Buys 0-0: Ball
1-0: SINGLE (Groundball, 4MD)
Batting: RHB Robert Stevens 0-0: Ball
1-0: Grounds into double play, 5-4-3 (Groundball, 56)
Batting: RHB Sergio Mata 0-0: Called Strike
0-1: Swinging Strike
0-2: Strikes out looking
Bottom of the 4th over - 0 run(s), 1 hit(s), 0 error(s), 0 left on base; Jasper 0 - Salem 1
TOP OF THE 5TH
Jasper Cougars batting - Pitching for Salem Sledgehammers : RHP Carlos Morán
Batting: SHB Martín Cruz 0-0: Called Strike
0-1: Ball
1-1: Ball
2-1: Called Strike
2-2: Ball
3-2: Fly out, F5 (Popup, 5SF)
Batting: RHB Joe Baker 0-0: Ball
1-0: Fly out, F8 (Flyball, 8RXD)
Batting: LHB Armando Torres 0-0: Called Strike
0-1: SINGLE (Groundball, 3S) (infield hit)
Batting: LHB António Camacho 0-0: Called Strike
0-1: Called Strike
0-2: Ball
1-2: Ball
2-2: Ball
3-2: Strikes out swinging
Top of the 5th over - 0 run(s), 1 hit(s), 0 error(s), 1 left on base; Jasper 0 - Salem 1
BOTTOM OF THE 5TH
Salem Sledgehammers batting - Pitching for Jasper Cougars : RHP António Peńa
Batting: LHB Caleb Hall 0-0: Ball
1-0: Called Strike
1-1: Ball
2-1: Foul Ball, location: 2F
2-2: Foul Ball, location: 2F
2-2: Foul Ball, location: 2F
2-2: Foul Ball, location: 2F
2-2: Foul Ball, location: 2F
2-2: Foul Ball, location: 2F
2-2: Ball
3-2: Base on Balls
Batting: LHB José Sánchez 0-0: Ball
1-0: Called Strike
1-1: Called Strike
1-2: Ball
2-2: Ball
3-2: SINGLE (Line Drive, 34)
Caleb Hall to second
Batting: RHB Patrick Daniels 0-0: 3-RUN HOME RUN (Flyball, 7LD), Distance : 408 ft
Batting: RHB Glenn Broadwater 0-0: Ball
1-0: Ball
2-0: SINGLE (Line Drive, 78S)
Batting: LHB Juan Aguilar 0-0: Ball
1-0: Called Strike
1-1: Called Strike
1-2: Ball
2-2: Ball
3-2: Strikes out looking
Pitching: RHP Ernesto Mendoza
Batting: RHB Dale Reeves 0-0: Called Strike
0-1: Foul Ball, location: 2F
0-2: Ball
1-2: Strikes out swinging
Batting: RHB Finn Buys 0-0: Fielders Choice at 2nd, U6 (Groundball, 6M)
Bottom of the 5th over - 3 run(s), 3 hit(s), 0 error(s), 1 left on base; Jasper 0 - Salem 4
TOP OF THE 6TH
Jasper Cougars batting - Pitching for Salem Sledgehammers : RHP Carlos Morán
Pitching: RHP Roberto Moreno
Batting: SHB Ron Edwards 0-0: Ball
1-0: SINGLE (Groundball, 34D)
Batting: RHB Fernando Gálvez 0-0: Ball
1-0: Ball
2-0: Ball
3-0: Base on Balls
Ron Edwards to second
Batting: RHB Bob Cole 0-0: Ball
1-0: Ball
2-0: Called Strike
2-1: Ball
3-1: Called Strike
3-2: Strikes out looking
Batting: LHB Kyle Harrison 0-0: Ball
1-0: Swinging Strike
1-1: Foul Ball, location: 2F
1-2: Ball
2-2: Strikes out swinging
Batting: LHB John Stone 0-0: Foul Ball, location: 2F
0-1: Ball
1-1: Swinging Strike
1-2: SINGLE (Line Drive, 8LS)
Ron Edwards to third
Fernando Gálvez to second
Runner from 3rd tries for Home, SAFE, no throw or cutoff
Batting: SHB Martín Cruz 0-0: Ball
1-0: Foul Ball, location: 2F
1-1: Ball
2-1: Foul Ball, location: 2F
2-2: Fly out, F2 (Popup, 2RF)
Top of the 6th over - 1 run(s), 2 hit(s), 0 error(s), 2 left on base; Jasper 1 - Salem 4
BOTTOM OF THE 6TH
Salem Sledgehammers batting - Pitching for Jasper Cougars : RHP Ernesto Mendoza
Batting: RHB Robert Stevens 0-0: Called Strike
0-1: Called Strike
0-2: Ball
1-2: Foul Ball, location: 2F
1-2: Strikes out swinging
Batting: RHB Sergio Mata 0-0: Ball
1-0: Ball
2-0: Swinging Strike
2-1: Fly out, F3 (Popup, 3DF)
Batting: LHB Caleb Hall 0-0: Called Strike
0-1: Ball
1-1: Hit by Pitch
Batting: LHB José Sánchez 0-0: Called Strike
0-1: Ball
1-1: Swinging Strike
1-2: Foul Ball, location: 2F
1-2: Ball
2-2: Strikes out swinging
Bottom of the 6th over - 0 run(s), 0 hit(s), 0 error(s), 1 left on base; Jasper 1 - Salem 4
TOP OF THE 7TH
Jasper Cougars batting - Pitching for Salem Sledgehammers : RHP Roberto Moreno
Batting: RHB Joe Baker 0-0: Foul Ball, location: 2F
0-1: SINGLE (Line Drive, 89M)
Batting: LHB Armando Torres 0-0: Ground out 1-3 (Groundball, 3S)
Joe Baker to second
Batting: LHB António Camacho 0-0: Swinging Strike
0-1: Ball
1-1: Ball
2-1: Ball
3-1: Base on Balls
Batting: SHB Ron Edwards Reached via error on a dropped throw, E4
Joe Baker to third
António Camacho to second
Batting: RHB Fernando Gálvez 0-0: Ball
1-0: Ball
2-0: SINGLE (Groundball, 5S) (infield hit)
Joe Baker scores
António Camacho to third
Ron Edwards to second
Pinch Hitting: RHB Manuel Pérez 0-0: Foul Ball, location: 2F
0-1: Called Strike
0-2: Strikes out swinging
Batting: LHB Kyle Harrison 0-0: Ball
1-0: Ball
2-0: Ball
3-0: Base on Balls
António Camacho scores
Ron Edwards to third
Fernando Gálvez to second
Pinch Hitting: RHB Dan Hooper 0-0: Foul Ball, location: 2F
0-1: Ball
1-1: Foul Ball, location: 2F
1-2: TRIPLE (Line Drive, 9LS)
Ron Edwards scores
Fernando Gálvez scores
Kyle Harrison scores
Pitching: RHP Russell Harris
Batting: SHB Martín Cruz 0-0: Called Strike
0-1: Ball
1-1: Foul Ball, location: 2F
1-2: Foul Ball, location: 2F
1-2: Ball
2-2: Strikes out looking
Top of the 7th over - 5 run(s), 3 hit(s), 1 error(s), 1 left on base; Jasper 6 - Salem 4
BOTTOM OF THE 7TH
Salem Sledgehammers batting - Pitching for Jasper Cougars : RHP Ernesto Mendoza
Now at 3B: José Ortega
Now in LF: Dan Hooper
Batting: RHB Patrick Daniels 0-0: Swinging Strike
0-1: Ball
1-1: Ball
2-1: Ball
3-1: Base on Balls
Batting: RHB Glenn Broadwater 0-0: Ball
1-0: Swinging Strike
1-1: Foul Ball, location: 2F
1-2: Ball
2-2: Foul Ball, location: 2F
2-2: Foul Ball, location: 2F
2-2: Fielders Choice at 2nd, 6-4 (Groundball, 6M)
Pitching: RHP Andrés Ruíz
Batting: LHB Juan Aguilar 0-0: Called Strike
0-1: Ball
1-1: Fly out, F7 (Flyball, 78S)
Batting: RHB Dale Reeves 0-0: Called Strike
0-1: Fielders Choice at 2nd, U6 (Groundball, 6M)
Bottom of the 7th over - 0 run(s), 0 hit(s), 0 error(s), 1 left on base; Jasper 6 - Salem 4
TOP OF THE 8TH
Jasper Cougars batting - Pitching for Salem Sledgehammers : RHP Russell Harris
Batting: RHB Joe Baker 0-0: Called Strike
0-1: SINGLE (Groundball, 6)
Batting: LHB Armando Torres 0-0: Bunted foul
0-1: Ball
1-1: Bunted foul
1-2: Ball
2-2: Grounds out, U3 (Groundball, 3L)
Batting: LHB António Camacho 0-0: Ball
1-0: Ground out 4-3 (Groundball, 4)
Joe Baker to third
Batting: SHB Ron Edwards 0-0: Ball
1-0: Ball
2-0: Ball
3-0: Called Strike
3-1: Foul Ball, location: 2F
3-2: Base on Balls
Batting: RHB Fernando Gálvez 0-0: Called Strike
0-1: Ball
1-1: Called Strike
1-2: Strikes out swinging
Top of the 8th over - 0 run(s), 1 hit(s), 0 error(s), 2 left on base; Jasper 6 - Salem 4
BOTTOM OF THE 8TH
Salem Sledgehammers batting - Pitching for Jasper Cougars : RHP Andrés Ruíz
Batting: RHB Finn Buys 0-0: Ball
1-0: Called Strike
1-1: Ball
2-1: Called Strike
2-2: Ball
3-2: Ground out 5-3 (Groundball, 5)
Batting: RHB Robert Stevens 0-0: Ball
1-0: Ball
2-0: Called Strike
2-1: Ball
3-1: Foul Ball, location: 2F
3-2: Foul Ball, location: 2F
3-2: Foul Ball, location: 2F
3-2: Ground out 5-3 (Groundball, 56S)
Batting: RHB Sergio Mata 0-0: Ball
1-0: SOLO HOME RUN (Flyball, 7D), Distance : 393 ft
Pitching: LHP Júlio Aguilar
Batting: LHB Caleb Hall 0-0: Called Strike
0-1: Called Strike
0-2: Ball
1-2: Ball
2-2: Strikes out looking
Bottom of the 8th over - 1 run(s), 1 hit(s), 0 error(s), 0 left on base; Jasper 6 - Salem 5
TOP OF THE 9TH
Jasper Cougars batting - Pitching for Salem Sledgehammers : RHP Russell Harris
Pitching: RHP Jeff Hansen
Batting: RHB José Ortega 0-0: Ball
1-0: Ball
2-0: Ball
3-0: Base on Balls
Pinch Runner at 1st Joe Smith:
Batting: LHB Kyle Harrison 0-0: Sac Bunt - play at first, batter OUT! 1-4
Joe Smith to second
Batting: RHB Dan Hooper 0-0: Intentional Walk
Pinch Hitting: LHB Jon Scott 0-0: DOUBLE (Flyball, 7LS)
Joe Smith scores
Dan Hooper to third
Pinch Hitting: RHB Juan Vázquez 0-0: Called Strike
0-1: Ball
1-1: SINGLE (Flyball, 8LS)
Dan Hooper scores
Jon Scott to third
Runner from 3rd tries for Home, SAFE, no throw or cutoff
Pitching: RHP John Harris
Batting: LHB Armando Torres 0-0: Ground out 4-3 (Groundball, 4M)
Juan Vázquez to second
Batting: LHB António Camacho 0-0: Called Strike
0-1: SINGLE (Groundball, 4)
Juan Vázquez to third
Runner from 3rd tries for Home, SAFE, no throw or cutoff
Batting: SHB Ron Edwards 0-0: Called Strike
0-1: SINGLE (Groundball, 34)
António Camacho to second
Runner from 2nd tries for 3rd, SAFE, no throw or cutoff
Batting: RHB Fernando Gálvez 0-0: Swinging Strike
0-1: Foul Ball, location: 2F
0-2: Strikes out looking
Top of the 9th over - 4 run(s), 4 hit(s), 0 error(s), 2 left on base; Jasper 10 - Salem 5
BOTTOM OF THE 9TH
Salem Sledgehammers batting - Pitching for Jasper Cougars : LHP Júlio Aguilar
Pitching: RHP Brandon Williams
Now at C: Juan Vázquez
Now at 2B: Earl Godwin
Now at 3B: Jon Scott
Batting: LHB José Sánchez 0-0: Called Strike
0-1: Bunt for hit - play at first, batter safe!
Batting: RHB Patrick Daniels 0-0: Ball
1-0: Ball
2-0: DOUBLE (Flyball, 8LM)
José Sánchez to third
Batting: RHB Glenn Broadwater 0-0: Ball
1-0: Foul Ball, location: 2F
1-1: Foul Ball, location: 2F
1-2: Foul Ball, location: 2F
1-2: Hit by Pitch
Batting: LHB Juan Aguilar 0-0: Ball
1-0: Called Strike
1-1: Ball
2-1: Ball
3-1: Swinging Strike
3-2: Foul Ball, location: 2F
3-2: Base on Balls
José Sánchez scores
Patrick Daniels to third
Glenn Broadwater to second
Pinch Hitting: LHB Nathan Frey 0-0: Ball
1-0: Ground out U3 (Groundball, 3S)
Patrick Daniels scores
Glenn Broadwater to third
Juan Aguilar to second
Batting: RHB Finn Buys 0-0: Ball
1-0: Ball
2-0: Ground out 5-3 (Groundball, 5L)
Pinch Hitting: RHB Gilberto Silva 0-0: Fly out, F3 (Popup, 3F)
Bottom of the 9th over - 2 run(s), 2 hit(s), 0 error(s), 2 left on base; Jasper 10 - Salem 7
This league is powered by Out of the Park Baseball, the baseball management simulation game for PC, Mac and Linux
Saturday, April 9th, 2016 - OOTP Baseball 16.8 Build 38